 Dungeon Crawl Stone Soup version 0.30-a0-870-gc5d4c5acee (webtiles) character file.

Game seed: 14925712415212642610

25 Grim the Shooter (level 2, -1/25 HPs)
             Began as a Minotaur Hunter on Mar 11, 2023.
             Slain by a goblin
             ... wielding a +0 dagger
              (2 damage)
             ... on level 2 of the Dungeon.
             The game lasted 00:01:37 (1172 turns).

Grim the Shooter (Minotaur Hunter)                  Turns: 1172, Time: 00:01:38

Health: -1/25      AC:  5    Str: 15    XL:     2   Next: 82%
Magic:  1/1        EV: 11    Int:  6    God:
Gold:   86         SH:  0    Dex: 13    Spells: 1/1 levels left

rFire   . . .      SeeInvis .    b - +0 war axe
rCold   . . .      Faith    .    (no shield)
rNeg    . . .      Spirit   .    g - +0 ring mail
rPois   .          Reflect  .    (helmet restricted)
rElec   .          Rampage  .    (no cloak)
rCorr   .                        (no gloves)
Will    .....                    (no boots)
Stlth   +                        (no amulet)
HPRegen 0.24/turn                (no ring)
MPRegen 0.07/turn                (no ring)

@: no status effects
A: horns 2, retaliatory headbutt
a: no special abilities


You were on level 2 of the Dungeon.
You visited 1 branch of the dungeon, and saw 2 of its levels.

You collected 86 gold pieces.

Inventory:

Hand Weapons
 a - a +0 shortbow
 b - a +0 war axe (weapon)
Armour
 c - a +0 leather armour
 g - a +0 ring mail (worn)
Scrolls
 e - a scroll of magic mapping {unknown}
 h - a scroll of immolation
 i - 2 scrolls of teleportation {unknown}
 j - a scroll of noise {unknown}
Potions
 d - 2 potions of brilliance {unknown}
 f - a potion of resistance {unknown}
 k - 2 potions of heal wounds {unknown}


   Skills:
 - Level 2.4 Fighting
 + Level 5.4 Ranged Weapons
 - Level 2.1 Dodging
 - Level 0.7 Stealth


You had one spell level left.
You didn't know any spells.
Your spell library was empty.

Dungeon Overview and Level Annotations

Branches:
Dungeon (2/15)

Altars:


Innate Abilities, Weirdness & Mutations

You have a pair of horns on your head.
You reflexively headbutt those who attack you in melee.


Message History

The bat hits you but does no damage.
You shoot an arrow. The arrow hits the bat.
You kill the bat!
Found a robe.
i - 2 scrolls labelled COITUP AFO (gained 1)
Found a dagger.
j - a scroll labelled ITSILE TURY
k - 2 emerald potions
d - 2 puce potions (gained 1)
A gnoll comes into view. It is wielding a +0 spear.
The gnoll shouts!
You hear a shout! x2
You shoot an arrow. The arrow hits the gnoll.
The gnoll is lightly wounded.
You shoot an arrow. The arrow barely misses the gnoll.
You shoot an arrow.
The arrow hits the gnoll but does no damage.
The gnoll is lightly wounded.
You shoot an arrow. The arrow barely misses the gnoll.
The gnoll hits you from afar with a +0 spear!
b - a +0 war axe (weapon)
A goblin comes into view. It is wielding a +0 dagger.
A gnoll comes into view. It is wielding a +0 whip.
The gnoll shouts!
You hear a shout!
The gnoll barely misses you.
You completely miss the gnoll. You headbutt the gnoll!
The gnoll is severely wounded.
A gnoll comes into view. It is wielding a +0 halberd.
The gnoll closely misses you. The gnoll hits you with a +0 spear.
You barely miss the gnoll.
The gnoll is severely wounded.
The gnoll hits you with a +0 spear!
* * * LOW HITPOINT WARNING * * *
The goblin misses you. The gnoll hits you with a +0 spear!
* * * LOW HITPOINT WARNING * * *
The gnoll misses you. The goblin attacks as you move away!
The goblin closely misses you. The goblin attacks as you move away!
The goblin barely misses you. The goblin attacks as you move away!
The goblin hits you with a +0 dagger.
You die...

.........#....##.# ##.##.##.####
.........###.....# #..##.##.# ##
........## #.##..# #.###^# .# #.
........# ##.###.####.# ..# .# #.
........###..# #......# >## #.
..........#.####...#### #.
..............#.......## ##.
.......#...##............## #..
#......#.#...###@####.#.....###.#
###.####.###..##g# ...........#
.........####....# #.#........
#####.........#.g##.# .....#####
####..#######.#..g..## .#.
.....## #.....g....... ######
#####........ #..g~~P ......


You could see 2 gnolls and a goblin.

Vanquished Creatures
  A ball python (D:2)
  5 endoplasms
  2 goblins (D:1)
  2 hobgoblins (D:1)
  A quokka (D:1)
  5 bats
  A frilled lizard (D:1)
  3 kobolds (D:1)
  3 rats (D:1)
23 creatures vanquished.

Notes
Turn   | Place    | Note
-------+----------+-------------------------------------------
     0 | D:1      | Grim the Minotaur Hunter began the quest for the Orb.
     0 | D:1      | Reached XP level 1. HP: 18/18 MP: 0/0
   139 | D:1      | Reached XP level 2. HP: 11/25 MP: 1/1
   357 | D:1      | Reached skill level 5 in Ranged Weapons
  1168 | D:2      | HP: 1/25 [gnoll/+0 spear (9)]
  1172 | D:2      | Slain by a goblin

Illustrated notes

Levels and vault maps discovered:
D:1:      shiori_arrival_oz, layout_loops_ring,
          wander_ebering_terrifying_dragon_lair
D:2:      layout_rooms, shapermc_ecumenical_altar_acropolis

Skill      XL: |  1  2 |
---------------+-------+-----
Ranged Weapons | 5 |  5.4
Fighting       | |  2.4
Dodging        | |  2.1
Stealth        | |  0.7

Action                     || total
---------------------------++-------
  Melee: War axe           ||     2
         Headbutt          ||     1
   Fire: Shortbow          ||    53
 Armour: Leather armour    ||     2
         Ring mail         ||     2
  Dodge: Dodged            ||    19

Table legend: (Time is in decaauts)
 A = Elapsed time spent in this place.
 B = Non-inter-level travel time spent in this place.
 C = Inter-level travel time spent in this place.
 D = Time resting spent in this place.
 E = Time spent auto-exploring this place.
 F = Levels seen in this place.
 G = Mean time per level.
                   A        B        C        D        E       F      G
               +--------+--------+--------+--------+--------+-----+--------+
         Total |   1188 |   1102 |     86 |    155 |    798 |   2 |  594.0 |
       Dungeon |   1188 |   1102 |     86 |    155 |    798 |   2 |  594.0 |
               +--------+--------+--------+--------+--------+-----+--------+

Top non-repeatable levels by time:
     D:1: 1031 daAuts
     D:2: 156 daAuts
